 Dungeon Crawl Stone Soup version 0.30.1-3-gfc49f6343a (webtiles) character file.

Game seed: 16327808712508535561

3099 GimliDwarf the Thrower (level 9, -13/67 HPs)
             Began as a Gnoll Wanderer on Aug 1, 2023.
             Was a Follower of Okawaru.
             Mangled by Gastronok (25 damage)
             ... on level 8 of the Dungeon.
             The game lasted 00:30:00 (8194 turns).

GimliDwarf the Thrower (Gnoll Wanderer)             Turns: 8194, Time: 00:30:00

Health: -13/67     AC: 14    Str: 17    XL:     9   Next: 90%
Magic:  16/16      EV: 14    Int:  9    God:    Okawaru [*.....]
Gold:   530        SH:  0    Dex: 22    Spells: 17/17 levels left

rFire   . . .        A - +2 spear (venom)
rCold   . . .        (no shield)
rNeg    . . .        D - +5 ring mail of the Gusle {Str+3}
rPois   .            (no helmet)
rElec   .            k - +2 cloak
rCorr   +            (no gloves)
SInv    .            (no boots)
Will    .....        (no amulet)
Stlth   +++          v - ring of resist corrosion
HPRegen 0.31/turn    C - +6 ring of dexterity
MPRegen 0.15/turn

%: no passive effects
@: no status effects
A: fangs 1, strong nose, distributed training
a: Renounce Religion, Heroism


You were on level 8 of the Dungeon.
You worshipped Okawaru.
Okawaru was aware of your devotion.
You visited 2 branches of the dungeon, and saw 9 of its levels.

You collected 530 gold pieces.

Inventory:

Hand Weapons
 a - a +1 short sword of flaming
 A - a +2 spear of venom (weapon)
Missiles
 d - 11 boomerangs (quivered)
 l - 11 poisoned darts
 y - 4 atropa-tipped darts
Armour
 k - a +2 cloak (worn)
 z - an orb of mayhem
 B - +0 swamp dragon scales
 D - the +5 ring mail of the Gusle (worn) {Str+3}
   (You found it on level 6 of the Dungeon)

   Str:       It affects your strength (+3).
Magical Staves
 m - a staff of fire
Jewellery
 h - a ring of magical power
 n - a ring of wizardry
 v - a ring of resist corrosion (left hand)
 C - a +6 ring of dexterity (right hand)
 F - a ring of ice
Wands
 r - a wand of polymorph (14)
 u - a wand of paralysis (5)
 x - a wand of flame (34)
Scrolls
 c - 4 scrolls of teleportation
 e - a scroll of blinking
 g - 2 scrolls of amnesia
Potions
 b - a potion of invisibility
 f - a potion of resistance
 i - a potion of mutation
 j - 2 potions of heal wounds {unknown}
 o - 2 potions of might {unknown}
 p - a potion of cancellation {unknown}
 q - 3 potions of curing
 s - 2 potions of flight
 t - 2 potions of magic {unknown}
 w - a potion of haste {unknown}
 G - a potion of lignification


   Skills:
 + Level 4.9 Fighting
 + Level 4.9 Short Blades
 + Level 4.9 Long Blades
 + Level 4.9 Axes
 + Level 4.9 Maces & Flails
 + Level 4.9 Polearms
 + Level 4.9 Staves
 + Level 4.9 Ranged Weapons
 + Level 9.9 Throwing
 + Level 4.9 Armour
 + Level 4.9 Dodging
 + Level 6.5 Stealth
 + Level 4.9 Shields
 + Level 8.2 Unarmed Combat
 + Level 4.9 Spellcasting
 + Level 4.0 Conjurations
 + Level 4.0 Hexes
 + Level 4.0 Summonings
 + Level 4.0 Necromancy
 + Level 4.0 Translocations
 + Level 4.0 Transmutations
 + Level 4.0 Fire Magic
 + Level 4.0 Ice Magic
 + Level 4.0 Air Magic
 + Level 4.0 Earth Magic
 + Level 4.0 Poison Magic
 + Level 5.3 Invocations
 + Level 5.6 Evocations


You had 17 spell levels left.
You didn't know any spells.
Your spell library contained the following spells:

 Spells                   Type           Power      Damage    Failure   Level
 Iskenderun's Battlesphe  Conj           9%         2d6       92%         5
 Iron Shot                Conj/Erth      4%         9d2       100%        6
 Summon Small Mammal      Summ           Unusable   N/A       N/A         1
 Call Canine Familiar     Summ           Unusable   N/A       N/A         3
 Summon Guardian Golem    Hex/Summ       Unusable   N/A       N/A         3
 Spellforged Servitor     Conj/Summ      Unusable   N/A       N/A         7

Dungeon Overview and Level Annotations

Branches:
Dungeon (8/15)             Temple (1/1) D:7
   Lair: D:8-11

Altars:
Ashenzari
Cheibriados
Dithmenos
Elyvilon
Fedhas
Gozag
Hepliaklqana
Kikubaaqudgha
Nemelex Xobeh
Okawaru
Qazlal
Ru
Sif Muna
Uskayaw
Vehumet
Wu Jian
Xom
Yredelemnul
The Shining One

Annotations:
D:3 3 runed translucent doors, TrollFarmer's ghost, amateur OpTm
D:8 Erica; Gastronok


Innate Abilities, Weirdness & Mutations

You have very sharp teeth.
Your uncanny sense of smell can sniff out nearby items.
Your experience applies equally to all skills.


Message History

You reach to attack!
You hit Gastronok.
Gastronok looks as sick as possible!
Gastronok is heavily wounded.
You hit Gastronok.
Gastronok looks as sick as possible!
Gastronok is heavily wounded.
You hit Gastronok.
Gastronok looks as sick as possible!
You bite Gastronok.
Gastronok is heavily wounded.
You hit Gastronok.
Gastronok looks as sick as possible!
You punch Gastronok.
Gastronok is severely wounded.
Gastronok bites you!!
You are too injured to fight recklessly!
You are too injured to fight recklessly!
You are too injured to fight recklessly!
You are too injured to fight recklessly!
You hit Gastronok.
Gastronok looks as sick as possible!
Gastronok is severely wounded.
You hit Gastronok.
Gastronok looks as sick as possible!
You punch Gastronok.
Gastronok is severely wounded.
Gastronok barely misses you.
You hit Gastronok.
Gastronok looks as sick as possible!
You bite Gastronok, but do no damage.
Gastronok is severely wounded.
You hit Gastronok.
Gastronok looks as sick as possible!
Gastronok is severely wounded.
You hit Gastronok.
Gastronok looks as sick as possible!
Gastronok is severely wounded.
Gastronok closely misses you.
You hit Gastronok.
Gastronok looks as sick as possible!
Your bite misses Gastronok.
Gastronok is almost dead.
You hit Gastronok.
Gastronok looks as sick as possible!
You bite Gastronok, but do no damage.
Gastronok is almost dead.
Gastronok bites you!
* * * LOW HITPOINT WARNING * * *
You hit Gastronok but do no damage.
Gastronok looks as sick as possible!
Gastronok is almost dead.
You hit Gastronok.
Gastronok looks as sick as possible!
Gastronok is almost dead.
Gastronok bites you!!
You die...

##~~#~# #~~#### ..
#~~# #(. #~~# .(#
##~##### ..#
#~##[.. #.# #
#~~#..# #.##
###~~##.# #w##
.###~~#.## #.@#
..##~~~..## ##..#
...##~....####...#
#...#~.#......####
#...##...######
#..####### ####


You could see Gastronok (extremely poisoned).

Vanquished Creatures
  Maggie (D:6)
  Menkaure (D:7)
  An ice beast (D:7)
  2 sky beasts
  2 black bears
  2 ogres
  A centaur (D:7)
  3 kobold brigands
  4 bullfrogs
  2 gnoll sergeants
  8 killer bees
  3 electric eels (D:7)
  4 hounds
  A jelly (D:4)
  7 orc priests
  A gnoll bouda (D:7)
  2 iguanas
  8 orc wizards
  Ijyb (D:5)
  A sleepcap (D:7)
  12 gnolls
  4 adders
  2 worms
  A dart slug (D:2)
  20 orcs
  4 ball pythons
  4 endoplasms
  5 goblins
  7 hobgoblins
  3 quokkas
  7 bats
  2 frilled lizards
  22 kobolds
  4 rats
152 creatures vanquished.

Vanquished Creatures (others)
  An orc wizard (D:7)
1 creature vanquished.

Grand Total: 153 creatures vanquished

Notes
Turn   | Place    | Note
-------+----------+-------------------------------------------
     0 | D:1      | GimliDwarf the Gnoll Wanderer began the quest for the Orb.
     0 | D:1      | GimliDwarf set off with the following items: a +0 dagger, a
                  | potion of invisibility, a scroll of teleportation, 8
                  | boomerangs, a scroll of blinking, a potion of
                  | lignification, a +0 leather armour.
     0 | D:1      | Reached XP level 1. HP: 13/13 MP: 1/1
   100 | D:1      | Reached XP level 2. HP: 19/19 MP: 2/2
   650 | D:2      | Reached XP level 3. HP: 25/25 MP: 3/3
  1021 | D:2      | Reached skill level 1 in Invocations
  1202 | D:3      | Reached skill level 1 in Fighting
  1202 | D:3      | Reached skill level 1 in Short Blades
  1202 | D:3      | Reached skill level 1 in Long Blades
  1202 | D:3      | Reached skill level 1 in Axes
  1202 | D:3      | Reached skill level 1 in Maces & Flails
  1202 | D:3      | Reached skill level 1 in Polearms
  1202 | D:3      | Reached skill level 1 in Staves
  1202 | D:3      | Reached skill level 1 in Ranged Weapons
  1202 | D:3      | Reached skill level 1 in Armour
  1202 | D:3      | Reached skill level 1 in Dodging
  1202 | D:3      | Reached skill level 1 in Shields
  1202 | D:3      | Reached skill level 1 in Spellcasting
  1230 | D:3      | Found an ancient bone altar of Kikubaaqudgha.
  1349 | D:3      | Found a faded altar of an unknown god.
  1439 | D:3      | Reached XP level 4. HP: 32/32 MP: 5/5
  1449 | D:3      | Found a runed translucent gate.
  1449 | D:3      | Found a runed translucent gate.
  1449 | D:3      | Found a runed translucent gate.
  1452 | D:3      | Noticed TrollFarmer's ghost (amateur OpTm)
  1565 | D:3      | Reached skill level 1 in Conjurations
  1565 | D:3      | Reached skill level 1 in Hexes
  1565 | D:3      | Reached skill level 1 in Summonings
  1565 | D:3      | Reached skill level 1 in Necromancy
  1565 | D:3      | Reached skill level 1 in Translocations
  1565 | D:3      | Reached skill level 1 in Transmutations
  1565 | D:3      | Reached skill level 1 in Fire Magic
  1565 | D:3      | Reached skill level 1 in Ice Magic
  1565 | D:3      | Reached skill level 1 in Air Magic
  1565 | D:3      | Reached skill level 1 in Earth Magic
  1565 | D:3      | Reached skill level 1 in Poison Magic
  1572 | D:3      | Reached XP level 5. HP: 8/37 MP: 5/7
  2580 | D:4      | Noticed a black bear
  2601 | D:4      | Killed a black bear
  2602 | D:4      | Reached XP level 6. HP: 44/44 MP: 8/8
  2982 | D:5      | Entered Level 5 of the Dungeon
  3064 | D:5      | Found a basalt altar of Yredelemnul.
  3401 | D:5      | Noticed Ijyb
  3410 | D:5      | Killed Ijyb
  3411 | D:5      | Reached XP level 7. HP: 38/51 MP: 10/10
  3779 | D:5      | Reached skill level 5 in Stealth
  3899 | D:5      | Reached skill level 9 in Throwing
  4709 | D:6      | Reached XP level 8. HP: 58/58 MP: 12/12
  4832 | D:6      | Found a radiant altar of Vehumet.
  4933 | D:6      | Noticed Maggie
  4949 | D:6      | Killed Maggie
  4977 | D:6      | Identified the +5 ring mail of the Gusle {Str+3}
  5283 | D:6      | Reached XP level 9. HP: 63/65 MP: 14/14
  5531 | D:6      | Found an iron altar of Okawaru.
  5538 | D:6      | Became a worshipper of Warmaster Okawaru
  5726 | D:7      | Found a staircase to the Ecumenical Temple.
  5743 | D:7      | Reached skill level 5 in Evocations
  5779 | Temple   | Entered the Ecumenical Temple
  6988 | D:7      | Reached skill level 5 in Invocations
  7038 | D:7      | Noticed Menkaure
  7105 | D:7      | Reached * piety under Okawaru
  7195 | D:7      | Killed Menkaure
  7321 | D:7      | Found a white marble altar of Elyvilon.
  7715 | D:8      | Noticed Erica
  8165 | D:8      | Noticed Gastronok
  8194 | D:8      | Mangled by Gastronok

Illustrated notes

Levels and vault maps discovered:
D:1:      matt_arrival_spirals, layout_rooms
D:2:      layout_loops_ring, kennysheep_generic_room_16
D:3:      layout_rooms, kiku_gazebo_pond_becter, nicolae_ecumenical_oubliette,
          biasface_ghost_orc_armoury, cheibrodos_gnoll_hut
D:4:      layout_basic
D:5:      layout_rooms, mainiacjoe_overflow_catwalk, uniq_ijyb
D:6:      layout_basic, nicolae_overflow_crystal_walls, kennysheep_mini_moat,
          uniq_maggie
D:7:      layout_cave_pools, elyvilon_altar_3, minmay_temple_entry_hall,
          serial_rivers, chequers_serial_rivers_marsh,
          chequers_serial_rivers_micro_a, chequers_serial_rivers_micro_d,
          chequers_serial_rivers_small_3, chequers_serial_rivers_small_b,
          chequers_serial_rivers_micro_e, serial_bayou_lagoon_b, uniq_menkaure
D:8:      layout_layer_cave, lightli_temple_of_fire, serial_rivers,
          chequers_serial_rivers_marsh, chequers_serial_rivers_small_b,
          chequers_serial_rivers_marsh, chequers_serial_rivers_large_b,
          uniq_gastronok, uniq_erica
Temple:   eino_narrow_crystal_temple

Skill      XL: |  1  2  3  4  5  6  7  8  9 |
---------------+----------------------------+-----
Invocations    | 1 2 3 4 5 |  5.3
Fighting       | 1 2 3 4 |  4.9
Short Blades   | 1 2 3 4 |  4.9
Long Blades    | 1 2 3 4 |  4.9
Axes           | 1 2 3 4 |  4.9
Maces & Flails | 1 2 3 4 |  4.9
Polearms       | 1 2 3 4 |  4.9
Staves         | 1 2 3 4 |  4.9
Ranged Weapons | 1 2 3 4 |  4.9
Armour         | 1 2 3 4 |  4.9
Dodging        | 1 2 3 4 |  4.9
Shields        | 1 2 3 4 |  4.9
Spellcasting   | 1 2 3 4 |  4.9
Conjurations   | 1 2 3 4 |  4.0
Hexes          | 1 2 3 4 |  4.0
Summonings     | 1 2 3 4 |  4.0
Necromancy     | 1 2 3 4 |  4.0
Translocations | 1 2 3 4 |  4.0
Transmutations | 1 2 3 4 |  4.0
Fire Magic     | 1 2 3 4 |  4.0
Ice Magic      | 1 2 3 4 |  4.0
Air Magic      | 1 2 3 4 |  4.0
Earth Magic    | 1 2 3 4 |  4.0
Poison Magic   | 1 2 3 4 |  4.0
Evocations     | 3 4 5 |  5.6
Unarmed Combat | 7 8 |  8.2
Stealth        | 5 6 |  6.5
Throwing       | 9 |  9.9

Action                     |  1- 3 |  4- 6 |  7- 9 || total
---------------------------+-------+-------+-------++-------
  Melee: Short sword       |     3 |    57 |    94 ||   154
         Bite              |       |     5 |    31 ||    36
         Punch             |       |     2 |    20 ||    22
         Spear             |       |       |   277 ||   277
  Throw: Boomerang         |    65 |    13 |    17 ||    95
         Dart              |       |     6 |    79 ||    85
         Throwing net      |       |       |     2 ||     2
  Evoke: Wand              |       |       |    10 ||    10
    Use: Scroll            |     7 |     2 |     6 ||    15
         Potion            |       |     1 |     3 ||     4
   Stab: Sleeping          |       |     5 |     4 ||     9
         Invisible         |       |       |     1 ||     1
         Paralysed         |       |       |    16 ||    16
 Armour: Leather armour    |     2 |    18 |    17 ||    37
         Skin              |       |     6 |       ||     6
         Ring mail         |       |       |    92 ||    92
  Dodge: Dodged            |     8 |    27 |   188 ||   223
